Map: [ESL] Data-C

Players

PappiJoe

  • Race: Protoss Protoss
  • Spawn Location: 3:00

Vindicta - Winner!

  • Race: Terran Terran
  • Spawn Location: 9:00

Event: DreamHack SC2 Masters 2022 Valencia

VOD

Have the link to the VOD?

Description

Time

  • Played on: July 1, 2022, 2:44 p.m.
  • Length: 9:29

All games in this series

Show
View Real Time Build Order
Export as new Build Order

PappiJoe Protoss 

Build Orders: 1 Gate Expand, Phoenix Opening, Colossus Rush 

Get SALT Encoding   

  12  0:00  Probe  
  13  0:12  Probe  
  14  0:17  Pylon  
  14  0:24  Probe (Chrono Boost)  
  15  0:37  Probe (Chrono Boost), Gateway  
  15  0:41  Assimilator  
  16  0:45  Probe (Chrono Boost)  
  17  0:53  Probe  
  18  1:05  Probe  
  19  1:17  Probe  
  20  1:24  Nexus  
  20  1:32  Cybernetics Core  
  20  1:34  Probe  
  21  1:41  Assimilator  
  21  1:47  Probe  
  22  1:53  Pylon  
  22  1:59  Probe  
  23  2:07  Probe  
  23  2:08  Stalker (Chrono Boost)  
  23  2:09  Warp Gate  
  23  2:13  Shield Battery  
  26  2:17  Probe  
  28  2:30  Probe (Chrono Boost)  
  28  2:31  Sentry  
  28  2:36  Probe (Chrono Boost)  
  32  2:45  Probe x2 (Chrono Boost)  
  32  2:50  Probe (Chrono Boost)  
  33  2:52  Probe  
  33  2:57  Gateway  
  35  3:00  Gateway  
  35  3:02  Probe  
  35  3:04  Probe  
  35  3:05  Sentry, Phoenix  
  39  3:09  Robotics Facility  
  39  3:14  Probe  
  39  3:16  Probe  
  41  3:26  Probe  
  42  3:33  Nexus  
  42  3:34  Pylon  
  42  3:36  Probe  
  42  3:40  Assimilator  
  43  3:43  Probe  
  43  3:46  Assimilator  
  43  3:47  Pylon  
  44  3:51  Probe  
  44  3:55  Probe  
  46  4:01  Pylon  
  46  4:03  Probe  
  46  4:05  Observer (Chrono Boost)  
  46  4:07  Probe  
  46  4:09  Robotics Bay  
  49  4:15  Probe  
  50  4:19  Probe  
  50  4:22  Immortal (Chrono Boost)  
  55  4:27  Probe  
  56  4:31  Probe  
  57  4:39  Probe  
  57  4:42  Shield Battery  
  57  4:43  Probe  
  59  4:46  Pylon, Probe  
  59  4:48  Stalker x3  
  59  4:51  Probe  
  59  5:12  Stalker x3  
  62  5:17  Colossus (Chrono Boost)  
  62  5:18  Probe x3 (Chrono Boost)  
  69  5:30  Probe x3 (Chrono Boost)  
  69  5:35  Twilight Council  
  71  5:36  Probe x3 (Chrono Boost), Forge  
  71  5:40  Shield Battery  
  74  5:44  Probe x3  
  74  5:48  Sentry  
  79  5:51  Pylon  
  79  5:55  Extended Thermal Lance  
  79  5:56  Probe x3  
  82  6:04  Pylon  
  82  6:08  Probe x3  
  82  6:09  Colossus (Chrono Boost)  
  82  6:10  Assimilator  
  85  6:12  Assimilator  
  91  6:20  Probe  
  91  6:21  Pylon  
  91  6:24  Pylon  
  92  6:27  Probe x2  
  95  6:32  Probe  
  95  6:36  Pylon  
  95  6:40  Gateway  
  95  6:42  Gateway  
  95  6:43  Gateway  
  95  6:46  Gateway x2  
  95  6:48  Gateway  
  95  6:52  Sentry x2  
  99  6:57  Colossus (Chrono Boost), Gateway  
  105  7:13  Probe  
  105  7:14  Probe  
  107  7:18  Templar Archives, Pylon  
  107  7:21  Pylon  
  107  7:25  Zealot x3  
  113  7:43  Zealot  
  113  7:44  Zealot x5  
  104  7:54  Zealot x4  
  104  8:03  Probe  
  104  8:04  Probe, Zealot x2  
  104  8:05  Zealot x4  
  112  8:06  Probe  
  95  8:15  Probe, Zealot x3  
  95  8:16  Probe  
  95  8:17  Warp Prism  
  95  8:19  Probe, Assimilator  
  104  8:23  Twilight Council  
  104  8:25  Pylon  
  102  8:31  Pylon  
  102  8:33  Pylon  
  102  8:43  Nexus  
  102  8:46  Pylon  
  97  9:09  Zealot x7  
Show
View Real Time Build Order
Export as new Build Order

Vindicta Terran - Winner!

Build Orders:  

Get SALT Encoding   

  12  0:00  SCV  
  13  0:12  SCV  
  14  0:17  Supply Depot  
  14  0:24  SCV  
  15  0:38  SCV  
  15  0:40  Barracks  
  16  0:43  Refinery  
  16  0:50  SCV  
  17  1:03  SCV  
  18  1:15  SCV  
  19  1:28  Orbital Command  
  19  1:31  Marine  
  20  1:45  Command Center  
  20  1:49  Barracks Reactor  
  21  1:54  SCV  
  21  1:59  Supply Depot  
  21  2:06  SCV  
  22  2:09  Refinery  
  22  2:21  SCV  
  23  2:25  Bunker  
  23  2:26  Reaper x2  
  25  2:33  SCV  
  26  2:38  Factory  
  26  2:45  SCV  
  27  2:57  SCV  
  27  2:58  Orbital Command, Marine x2  
  30  3:09  SCV  
  31  3:16  Marine x2  
  31  3:19  Supply Depot  
  33  3:21  SCV  
  33  3:23  Starport, Widow Mine  
  36  3:33  SCV, Marine x2  
  39  3:37  SCV  
  40  3:45  SCV, Widow Mine  
  43  3:49  Barracks, SCV  
  43  3:51  Marine  
  45  3:57  SCV  
  45  3:59  Medivac  
  45  4:01  SCV  
  49  4:03  Marine  
  49  4:07  Supply Depot  
  49  4:08  Factory Tech Lab  
  49  4:09  SCV, Marine  
  52  4:13  SCV  
  53  4:20  Marine  
  53  4:22  Barracks  
  54  4:29  SCV x2, Siege Tank  
  54  4:30  Starport Tech Lab  
  59  4:34  Refinery  
  59  4:35  Supply Depot  
  59  4:36  Marine  
  60  4:41  SCV x2  
  60  4:45  Barracks Tech Lab  
  62  4:46  Engineering Bay  
  62  4:56  SCV x2, Marine  
  62  4:59  Marine  
  63  5:04  Stimpack  
  63  5:05  Starport Reactor  
  61  5:08  SCV x2, Siege Tank  
  65  5:14  Marine  
  65  5:21  SCV x2  
  66  5:23  Combat Shield  
  66  5:24  Marine  
  66  5:28  Refinery  
  67  5:29  Supply Depot, Marine x2  
  67  5:31  Terran Infantry Weapons Level 1  
  67  5:33  SCV  
  68  5:37  Marine  
  68  5:38  SCV  
  70  5:42  Command Center  
  70  5:49  Supply Depot  
  70  5:51  Medivac x2  
  70  5:52  Supply Depot  
  70  5:53  Marine, Marauder  
  70  5:55  SCV  
  78  6:10  Marine  
  78  6:11  Siege Tank, Marine, Marauder  
  84  6:12  Supply Depot  
  84  6:15  Marauder  
  84  6:16  Supply Depot  
  87  6:21  Barracks  
  87  6:22  Barracks  
  87  6:28  Marine  
  87  6:29  Marine, Medivac x2  
  93  6:33  Marine  
  93  6:35  Supply Depot  
  93  6:37  Marauder  
  96  6:40  SCV  
  96  6:41  Supply Depot  
  96  6:46  Marine  
  96  6:47  Marine  
  98  6:50  SCV  
  98  6:51  Marauder  
  102  6:57  Supply Depot  
  102  6:58  SCV, Marauder  
  103  7:05  Marine  
  103  7:06  Medivac x2  
  103  7:07  Orbital Command  
  105  7:09  Marine  
  105  7:11  Barracks Reactor  
  105  7:12  Marauder  
  105  7:14  SCV  
  109  7:16  SCV  
  109  7:17  Barracks Tech Lab  
  109  7:20  Marauder  
  112  7:23  Marine  
  112  7:25  Orbital Command, Terran Infantry Armor Level 1  
  112  7:27  SCV, Marine  
  112  7:28  SCV  
  116  7:33  Siege Tank, Marine  
  116  7:35  Marine  
  121  7:41  SCV, Marauder  
  124  7:44  Marine  
  124  7:45  Missile Turret  
  124  7:47  SCV  
  126  7:52  Marauder  
  126  7:53  Marauder  
  126  7:55  SCV  
  126  7:57  Marine  
  126  8:02  Marauder  
  126  8:03  Marine  
  126  8:04  Marine  
  126  8:05  SCV  
  123  8:06  Marine  
  117  8:13  Marauder  
  117  8:14  SCV, Marine, Marauder  
  117  8:15  Refinery  
  117  8:16  Refinery  
  123  8:21  Marine  
  123  8:24  Viking x2, Marauder  
  126  8:27  SCV  
  126  8:29  Marine  
  126  8:30  Marine  
  126  8:31  Engineering Bay, SCV, Armory  
  130  8:34  Marauder  
  130  8:36  SCV  
  130  8:37  Marine, Supply Depot x2  
  130  8:39  SCV  
  135  8:41  Marine  
  136  8:49  Marauder x2  
  136  8:51  SCV x2  
  136  8:52  Marine  
  143  8:56  Marauder  
  143  9:02  Marine  
  142  9:10  Command Center  
  142  9:11  SCV  
  140  9:23  Supply Depot  

Tags
 
Add a new tag
Caveats
  • Supply blocks, unpowered buildings, or Contaminate may cause inaccurate times.
  • Supply counts are checked every 10 seconds.